 Dungeon Crawl Stone Soup version 0.30-a0-177-g1cb5dbfd7a (webtiles) character file.

Game seed: 15045267483426249630

387 scionoferis the Cutter (level 7, -2/42 HPs)
             Began as a Kobold Brigand on Oct 2, 2022.
             Slain by a gnoll
             ... wielding a +0 halberd
             ... led by a gnoll bouda
              (13 damage)
             ... on level 4 of the Dungeon.
             The game lasted 00:09:18 (3365 turns).

scionoferis the Cutter (Kobold Brigand)             Turns: 3365, Time: 00:09:19

Health: -2/42      AC:  5    Str: 10    XL:     7   Next: 6%
Magic:  16/16      EV: 15    Int: 12    God:
Gold:   133        SH:  0    Dex: 17    Spells: 6/6 levels left

rFire   + . .      SeeInvis .    a - +1 dagger (venom)
rCold   . . .      Faith    .    (no shield)
rNeg    . . .      Spirit   .    n - +0 leather armour
rPois   .          Reflect  .    (no helmet)
rElec   .          Harm     .    c - +0 cloak
rCorr   .          Rampage  .    y - +0 pair of gloves
Will    .....                    (no boots)
Stlth   ++++......               x - amulet of regeneration
HPRegen 1.07/turn                k - ring of magical power
MPRegen 0.15/turn                p - ring of protection from fire

@: weakened
A: small, no large weapons, nightstalker 3
a: no special abilities


You were on level 4 of the Dungeon.
You visited 1 branch of the dungeon, and saw 4 of its levels.

You collected 133 gold pieces.

Inventory:

Hand Weapons
 a - a +1 dagger of venom (weapon)
 b - a +0 sling
 B - a +0 long sword
 C - a +2 dagger
Missiles
 d - 14 poisoned darts (quivered)
 l - 6 boomerangs of dispersal
 v - 2 curare-tipped darts
 A - 2 boomerangs
Armour
 c - a +0 cloak (worn)
 n - a +0 leather armour (worn)
 y - a +0 pair of gloves (worn)
Jewellery
 k - a ring of magical power (left hand)
 p - a ring of protection from fire (right hand)
 x - an amulet of regeneration (around neck)
Wands
 e - a wand of flame (18)
Scrolls
 f - 2 scrolls of noise
 h - a scroll of identify
 q - a scroll of amnesia
 s - 2 scrolls of poison
 t - a scroll of blinking
 w - a scroll of vulnerability
 D - a scroll of teleportation
Potions
 g - 2 potions of curing
 i - a potion of degeneration {unknown}
 j - a potion of haste {unknown}
 m - a potion of flight {unknown}
 o - a potion of cancellation {unknown}
 r - a potion of invisibility {unknown}
 u - a potion of brilliance {unknown}
 z - a potion of mutation {unknown}


   Skills:
 + Level 3.8 Fighting
 * Level 6.1 Short Blades
 - Level 2.1 Throwing
 + Level 2.1 Armour
 + Level 3.6 Dodging
 + Level 5.3 Stealth


You had 6 spell levels left.
You didn't know any spells.
Your spell library contained the following spells:

 Spells                   Type           Power      Damage    Failure   Level
 Magic Dart               Conj           0%         1d3       41%         1
 Searing Ray              Conj           0%         2d4       54%         2
 Dazzling Flash           Conj/Hex       0%         N/A       78%         3
 Gell's Gravitas          Tloc           0%         N/A       78%         3
 Teleport Other           Tloc           0%         N/A       78%         3
 Fulminant Prism          Conj/Hex       0%         3d6       99%         4
 Leda's Liquefaction      Hex/Erth       0%         N/A       99%         4
 Agony                    Necr           0%         N/A       100%        5
 Lee's Rapid Deconstruct  Erth           0%         3d5*      100%        5
 Silence                  Hex/Air        0%         N/A       100%        5
 Dispersal                Tloc           0%         N/A       100%        6
 Statue Form              Tmut/Erth      0%         N/A       100%        6


Dungeon Overview and Level Annotations

Branches:
Dungeon (4/15)
 Temple: D:4-7

Altars:

Shops:
D:3 ?


Innate Abilities, Weirdness & Mutations

You are small and have problems with some larger weapons.
You are completely attuned to the shadows.


Message History

You hit the gnoll bouda but do no damage.
The gnoll bouda looks as sick as possible!
The gnoll bouda is moderately wounded.
You hit the gnoll bouda but do no damage.
The gnoll bouda looks as sick as possible!
The gnoll bouda is moderately wounded.
The gnoll bouda barks out a call to the hunt!
The gnoll picks up the pace!
The gnoll closely misses you.
You hit the gnoll bouda but do no damage.
The gnoll bouda looks as sick as possible!
The gnoll bouda is heavily wounded.
The gnoll bouda closely misses you. The gnoll misses you.
You hit the gnoll bouda but do no damage.
The gnoll bouda is severely wounded.
The gnoll bouda mumbles some strange prayers to its god.
The gnoll bouda is healed somewhat.
The gnoll hits you from afar with a +0 halberd.
You barely miss the gnoll bouda.
The gnoll bouda is heavily wounded.
You barely miss the gnoll bouda.
The gnoll bouda is heavily wounded.
The gnoll bouda utters an invocation to its god.
The gnoll bouda is healed somewhat.
The gnoll closely misses you.
You hit the gnoll bouda.
The gnoll bouda is severely wounded.
The gnoll bouda mumbles some strange prayers to its god.
The gnoll bouda is healed somewhat.
The gnoll hits you from afar with a +0 halberd!
* * * LOW HITPOINT WARNING * * *
You hit the gnoll bouda but do no damage.
The gnoll bouda looks as sick as possible!
The gnoll bouda is heavily wounded.
You hit the gnoll bouda but do no damage.
The gnoll bouda looks as sick as possible!
The gnoll bouda is heavily wounded.
The gnoll bouda hits you with a +0 whip.
* * * LOW HITPOINT WARNING * * *
The gnoll hits you from afar with a +0 halberd!
You die...

### #.# #.#######
#ggg@)..#
#.#####.# #####.#
#.# ..g.gg# #.##
.#g#).# ###..## ..
...........######
.
.#.##.##.........#
.....
............#
##....####.#


You could see a gnoll bouda (extremely poisoned) and 2 gnolls.

Vanquished Creatures
  Sigmund (D:3)
  Terence (D:2)
  2 orc wizards (D:3)
  2 gnolls (D:4)
  2 adders (D:2)
  2 worms (D:2)
  9 orcs
  8 endoplasms
  2 giant cockroaches
  4 goblins
  3 hobgoblins
  13 jackals (D:3)
  4 quokkas (D:1)
  9 ball pythons
  3 bats
  7 frilled lizards
  7 kobolds
  12 rats
91 creatures vanquished.

Notes
Turn   | Place    | Note
-------+----------+-------------------------------------------
     0 | D:1      | scionoferis the Kobold Brigand began the quest for the Orb.
     0 | D:1      | Reached XP level 1. HP: 12/12 MP: 1/1
   195 | D:1      | Reached skill level 3 in Short Blades
   246 | D:1      | Reached XP level 2. HP: 17/18 MP: 2/2
   724 | D:1      | Reached XP level 3. HP: 22/22 MP: 3/3
  1210 | D:2      | Reached skill level 4 in Short Blades
  1210 | D:2      | Reached skill level 1 in Armour
  1210 | D:2      | Reached XP level 4. HP: 27/27 MP: 4/4
  1634 | D:2      | Noticed Terence
  1638 | D:2      | Killed Terence
  2055 | D:3      | Reached XP level 5. HP: 27/32 MP: 5/5
  2180 | D:3      | Noticed Sigmund
  2368 | D:3      | Found a faded altar of an unknown god.
  2611 | D:3      | Killed Sigmund
  2612 | D:3      | Reached skill level 5 in Short Blades
  2612 | D:3      | Reached XP level 6. HP: 26/38 MP: 6/6
  2659 | D:3      | Found Kuimuor's Magic Scroll Shoppe.
  3073 | D:3      | Reached skill level 6 in Short Blades
  3244 | D:4      | Reached XP level 7. HP: 42/42 MP: 7/7
  3365 | D:4      | Slain by a gnoll

Illustrated notes

Levels and vault maps discovered:
D:1:      dpeg_arrival_ternary, layout_loops_ring
D:2:      layout_basic, minmay_misc_feat_secret_circle, grunt_ministairs_5,
          uniq_terence
D:3:      layout_loops_ring, ebering_ecumenical_altar_petrified, serial_shops,
          shop, uniq_sigmund
D:4:      layout_basic, grunt_temple_overflow_order_and_chaos_2,
          kennysheep_little_box

Skill      XL: |  1  2  3  4  5  6 |
---------------+-------------------+-----
Short Blades   | 3 4 5 6 |  6.1
Dodging        | 2 3 |  3.6
Armour         | 1 2 |  2.1
Fighting       | 3 |  3.8
Throwing       | |  2.1
Stealth        | |  5.3

Action                   |  1- 3 |  4- 6 |  7- 9 || total
-------------------------+-------+-------+-------++-------
Melee: Dagger            |    79 |   191 |    23 ||   293
       Punch             |       |     3 |     1 ||     4
Throw: Dart              |       |     3 |     3 ||     6
  Use: Scroll            |       |     5 |     1 ||     6
       Potion            |       |     1 |       ||     1
 Stab: Sleeping          |    14 |    14 |       ||    28
       Distracted        |       |       |     1 ||     1
Armor: Robe              |     6 |       |       ||     6
       Leather armour    |    10 |    28 |     3 ||    41
Dodge: Dodged            |    38 |    83 |    18 ||   139

Table legend: (Time is in decaauts)
 A = Elapsed time spent in this place.
 B = Non-inter-level travel time spent in this place.
 C = Inter-level travel time spent in this place.
 D = Time resting spent in this place.
 E = Time spent auto-exploring this place.
 F = Levels seen in this place.
 G = Mean time per level.
                   A        B        C        D        E       F      G
               +--------+--------+--------+--------+--------+-----+--------+
         Total |   3298 |   3132 |    166 |     79 |   2369 |   4 |  824.5 |
       Dungeon |   3298 |   3132 |    166 |     79 |   2369 |   4 |  824.5 |
               +--------+--------+--------+--------+--------+-----+--------+

Top non-repeatable levels by time:
     D:2: 1182 daAuts
     D:3: 1057 daAuts
     D:1: 887 daAuts
     D:4: 169 daAuts
